 Dungeon Crawl Stone Soup version 0.16.2-14-gc338ae411c (webtiles) character file.

1123 MordorOrchid the Ducker (level 8, -4/111 HPs)
             Began as a Troll Berserker on Mar 8, 2020.
             Was a Priest of Trog.
             Killed by nerve-wracking pain
             ... invoked by Menkaure
              (11 damage)
             ... on level 7 of the Dungeon.
             The game lasted 00:11:04 (3757 turns).

MordorOrchid the Ducker (Troll Berserker)           Turns: 3757, Time: 00:11:04

Health: -4/111     AC: 10    Str: 31    XL:     8   Next: 13%
Magic:  5/5        EV: 11    Int:  4    God:    Trog [***...]
Gold:   223        SH:  0    Dex: 10    Spells: 0 memorised, 7 levels left

rFire  . . .     SeeInvis .     y - +3 mace (protect)
rCold  . . .     Clarity  .     b - +0 animal skin
rNeg   . . .     SustAb   .     (shield restricted)
rPois  .         Gourm    +     (helmet restricted)
rElec  .         Spirit   .     (no cloak)
rCorr  .         Warding  .     (gloves unavailable)
rMut   .         Stasis   .     (boots unavailable)
MR     .....                    (no amulet)
Stlth  ..........               (no ring)
                                (no ring)

@: berserking, very quick, not resistant to hostile enchantments, extremely
unstealthy
A: unfitting armour, claws 3, fast metabolism 3, gourmand, regeneration 2,
shaggy fur 1, tough skin 2
a: Burn Spellbooks, Berserk, Trog's Hand, Renounce Religion


You were on level 7 of the Dungeon.
You worshipped Trog.
Trog was most pleased with you.
You were very full.

You visited 1 branch of the dungeon, and saw 7 of its levels.

You collected 223 gold pieces.

Inventory:

Hand weapons
 a - a +0 mace
 j - a +3 hunting sling
 y - a +3 mace of protection (weapon)
Missiles
 d - 126 stones
 B - 6 javelins (quivered)
Armour
 b - a +0 animal skin (worn)
Magical devices
 w - a wand of draining (5)
 z - a wand of polymorph (9)
Scrolls
 g - 3 scrolls of blinking
 l - a scroll of immolation
 n - 2 scrolls of teleportation
 t - a scroll of recharging {unknown}
 v - a scroll of magic mapping {unknown}
Potions
 e - a potion of degeneration {unknown}
 h - a potion of resistance {unknown}
 i - 2 potions of restore abilities
 m - a potion of ambrosia {unknown}
 o - 2 potions of curing
 p - a potion of haste {unknown}
 q - a potion of agility {unknown}
 r - a potion of brilliance {unknown}
 s - 2 potions of might
 u - a potion of mutation
 A - a potion of beneficial mutation {unknown}
Comestibles
 c - 4 meat rations
 f - 3 bread rations
 k - a beef jerky
 x - 6 chunks of flesh


   Skills:
 + Level 2.9 Fighting
 * Level 5.4 Maces & Flails
 * Level 2.9 Throwing
 - Level 1.5 Armour
 + Level 5.5 Dodging
 * Level 1.9 Evocations


You had 7 spell levels left.
You didn't know any spells.

Dungeon Overview and Level Annotations

Branches:
Dungeon (7/15)             Temple (0/1) D:4

Altars:
Gozag
Ru
Sif Muna

Annotations:
D:4 faibistes' ghost, average DEWz
D:7 Menkaure; faibistes' ghost, average DEWz


Innate Abilities, Weirdness & Mutations

You are too large for most types of armour.
You have claws for hands.
Your metabolism is lightning-fast.
You like to eat raw meat.
You heal very quickly.
You are covered in fur (AC +1).
You have very tough skin (AC +2).


Message History

Pain shoots through your body! Menkaure casts a spell at you.
You struggle to resist.
Menkaure points at you and mumbles some strange words.
Pain shoots through your body!
Menkaure calls on the powers of darkness!
Your body is wracked with pain!
Menkaure hits you!!
* * * LOW HITPOINT WARNING * * *
You sock Menkaure!
Menkaure is heavily damaged.
Menkaure calls on the powers of darkness!
Your body is wracked with pain!
* * * LOW HITPOINT WARNING * * *
Unknown command.
Use which ability? (? or * to list)
A red film seems to cover your vision as you go berserk!
You feel yourself moving faster!
You feel mighty!
You feel somewhat less full.
Menkaure gestures at you while chanting.
Pain shoots through your body!
You die...

#.# #############.#
#.............#
#...(#..#####.# #.......# #.#
. #...###.# #.# ... #...#
#.#####.#
......#########...###.....#.#
............@M...............
......########.########<..###
... .....................# #
#######.##.###.##%#..# #.Y #
#. #.##.# #.# # #..... #'#
...##. ... ....... .M.
........


You could see Menkaure.

Vanquished Creatures
  2 hippogriffs (D:7)
  An ogre (D:5)
  A centaur (D:5)
  2 sky beasts (D:5)
  2 scorpions (D:4)
  A crimson imp (D:5)
  A jelly (D:6)
  An iguana (D:5)
  Natasha (twice) (D:5)
  An orc wizard (D:5)
  4 worker ants
  5 adders
  3 worms
  An adder skeleton (D:5)
  3 giant geckos
  An ooze (D:2)
  5 orcs
  6 bats
  A bat zombie (D:5)
  5 giant cockroaches
  16 hobgoblins
  15 jackals
  6 kobolds
  2 quokkas
  A giant cockroach zombie (D:5)
  7 giant newts
  13 goblins
  12 rats
120 creatures vanquished.

Notes
Turn   | Place    | Note
--------------------------------------------------------------
     0 | D:1      | MordorOrchid, the Troll Berserker, began the quest for the Orb.
     0 | D:1      | Reached XP level 1. HP: 22/22 MP: 1/1
   263 | D:1      | Reached XP level 2. HP: 29/29 MP: 1/1
   591 | D:2      | Reached skill level 3 in Maces & Flails
   635 | D:2      | Reached skill level 1 in Throwing
   812 | D:2      | Reached XP level 3. HP: 28/36 MP: 2/2
  1091 | D:2      | Acquired Trog's second power
  1335 | D:2      | Reached XP level 4. HP: 44/44 MP: 2/2
  2111 | D:3      | Reached XP level 5. HP: 50/50 MP: 2/2
  2493 | D:4      | Reached skill level 4 in Dodging
  2506 | D:4      | Found a staircase to the Ecumenical Temple.
  2557 | D:4      | Found a deep blue altar of Sif Muna.
  2621 | D:4      | Noticed faibistes' ghost (average DEWz)
  2626 | D:5      | Entered Level 5 of the Dungeon
  2626 | D:5      | Noticed a sky beast
  2660 | D:5      | Reached XP level 6. HP: 59/59 MP: 3/3
  2671 | D:5      | Killed a sky beast
  2710 | D:5      | Noticed Natasha
  2721 | D:5      | Killed Natasha
  2775 | D:5      | Noticed Natasha
  2786 | D:5      | Killed Natasha
  2823 | D:5      | Reached skill level 1 in Evocations
  2895 | D:5      | Found a sacrificial altar of Ru.
  3009 | D:5      | Reached XP level 7. HP: 39/66 MP: 4/4
  3020 | D:5      | Noticed a centaur
  3032 | D:5      | Killed a centaur
  3169 | D:5      | Noticed an ogre
  3181 | D:5      | Killed an ogre
  3181 | D:5      | Reached skill level 5 in Maces & Flails
  3181 | D:5      | Reached skill level 5 in Dodging
  3609 | D:7      | HP: 3/66 [hippogriff (6)]
  3614 | D:7      | Reached XP level 8. HP: 5/74 MP: 4/5
  3614 | D:7      | HP: 5/111 [poisoned by a kobold]
  3631 | D:7      | Noticed faibistes' ghost (average DEWz)
  3634 | D:7      | Found an opulent altar of Gozag.
  3740 | D:7      | Noticed Menkaure
  3757 | D:7      | Killed from afar by Menkaure

Action                   |  1- 3 |  4- 6 |  7- 9 || total
-------------------------+-------+-------+-------++-------
Melee: Mace              |   147 |   251 |    83 ||   481
Throw: Stone             |     4 |     5 |     5 ||    14
       Javelin           |       |       |     2 ||     2
Invok: Berserk           |       |     1 |     2 ||     3
       Trog's Hand       |       |       |     2 ||     2
  Use: Scroll            |       |     5 |     8 ||    13
  Eat: Chunk             |    18 |    17 |     7 ||    42
